Map: Kairos Junction LE

Players

liquidthermy (uThermal)

  • Race: Terran Terran
  • Spawn Location: 5:00

Serral - Winner!

  • Race: Zerg Zerg
  • League: Grandmaster
  • Spawn Location: 11:00

Event: HomeStory Cup XIX

VOD

Have the link to the VOD?

Description

Time

  • Played on: June 27, 2019, 12:48 p.m.
  • Length: 15:45

All games in this series

Show
View Real Time Build Order
Export as new Build Order

liquidthermy Terran 

Build Orders: Gas First Reaper Expand, Hellion Banshee 

Get SALT Encoding   

  12  0:01  SCV  
  13  0:13  SCV  
  14  0:17  Supply Depot  
  14  0:25  SCV  
  14  0:27  Refinery  
  15  0:39  SCV  
  16  0:43  Barracks  
  16  0:51  SCV  
  17  1:03  SCV  
  18  1:15  SCV  
  19  1:30  Orbital Command, Reaper  
  20  1:41  Command Center  
  20  1:52  Factory  
  20  1:57  SCV  
  21  2:04  Barracks Reactor  
  21  2:09  SCV  
  21  2:12  Supply Depot  
  22  2:21  SCV  
  23  2:27  Refinery  
  23  2:34  SCV  
  24  2:41  Starport  
  24  2:44  Hellion x2  
  28  2:46  SCV  
  29  2:52  Barracks Tech Lab  
  29  2:56  Orbital Command  
  29  2:58  SCV  
  29  3:05  Hellion  
  32  3:08  Hellion  
  32  3:10  SCV  
  35  3:24  SCV  
  35  3:26  Hellion  
  35  3:30  Hellion  
  35  3:32  SCV  
  38  3:36  Cloaking Field  
  38  3:37  Banshee  
  41  3:44  Marine, Supply Depot  
  41  3:47  SCV  
  43  3:49  SCV  
  43  3:53  Hellion  
  46  3:57  Hellion  
  46  4:05  SCV x2  
  46  4:08  Supply Depot  
  48  4:14  Hellion  
  50  4:18  SCV  
  50  4:19  Hellion  
  50  4:21  SCV  
  54  4:29  Banshee  
  57  4:38  Command Center  
  57  4:39  SCV  
  57  4:42  Hellion  
  57  4:43  Hellion  
  60  4:47  SCV  
  60  4:51  Supply Depot  
  61  4:59  SCV  
  62  5:01  Factory x2  
  62  5:11  Barracks Tech Lab  
  62  5:13  Banshee, Hellion x2  
  69  5:17  Supply Depot  
  70  5:21  SCV  
  70  5:27  SCV  
  69  5:28  Armory  
  69  5:35  SCV  
  70  5:36  Refinery  
  70  5:37  Refinery  
  70  5:39  Hellion  
  70  5:41  Hellion  
  72  5:43  SCV  
  72  5:47  SCV  
  74  5:56  Factory Tech Lab, Banshee, SCV  
  76  6:03  SCV  
  77  6:05  Cyclone  
  77  6:08  Hellion  
  77  6:09  SCV  
  83  6:16  SCV  
  83  6:17  Mag-Field Accelerator  
  84  6:19  Orbital Command  
  84  6:21  SCV  
  84  6:25  Supply Depot  
  85  6:27  Cyclone  
  85  6:30  SCV  
  87  6:35  Hellion x2  
  87  6:41  SCV  
  87  6:42  Engineering Bay  
  87  6:43  SCV  
  89  6:48  Cyclone  
  92  6:54  SCV  
  92  6:55  SCV  
  92  6:59  Hellion x2  
  98  7:04  SCV  
  99  7:10  SCV  
  99  7:14  SCV, Supply Depot  
  101  7:31  Supply Depot  
  101  7:35  Banshee, SCV x2, Cyclone  
  101  7:36  SCV, Hellion  
  106  7:38  Cyclone  
  92  7:47  SCV x2  
  86  7:54  SCV  
  86  7:57  Factory  
  83  7:59  SCV x2, Factory  
  83  8:04  Hellion  
  83  8:05  Hellion  
  89  8:06  SCV  
  89  8:09  Refinery, Cyclone  
  89  8:10  Refinery, Supply Depot x2, Infernal Pre-Igniter  
  89  8:11  SCV  
  89  8:12  SCV  
  95  8:17  Hellion  
  95  8:19  SCV  
  98  8:22  Banshee  
  98  8:23  SCV  
  98  8:26  Hellion  
  104  8:27  Terran Vehicle And Ship Armor Level 1  
  104  8:28  SCV  
  104  8:31  SCV  
  104  8:32  Hellion  
  108  8:36  SCV  
  108  8:41  Factory Tech Lab  
  109  8:43  Factory Tech Lab  
  109  8:44  SCV  
  110  8:52  Command Center, Cyclone  
  110  8:53  Sensor Tower  
  113  8:56  Cyclone  
  113  8:57  Hellion  
  113  9:01  Cyclone  
  119  9:03  Hellion  
  119  9:06  Banshee  
  119  9:07  Supply Depot  
  119  9:08  Cyclone  
  123  9:16  Hellion  
  105  9:24  Cyclone  
  105  9:26  Command Center  
  105  9:28  Cyclone  
  111  9:33  Cyclone  
  114  9:40  Cyclone  
  114  9:43  Hellion x2  
  121  9:49  Banshee  
  121  9:51  Supply Depot  
  124  9:56  Cyclone  
  127  10:00  Cyclone  
  127  10:05  Cyclone  
  133  10:07  SCV x3  
  133  10:10  Hellion  
  133  10:13  Cyclone  
  141  10:19  SCV x3  
  144  10:27  Supply Depot  
  146  10:28  Cyclone, Hellion  
  146  10:29  Missile Turret  
  146  10:31  Supply Depot  
  146  10:32  Banshee, Cyclone  
  155  10:36  SCV  
  155  10:37  Cyclone  
  155  10:42  Orbital Command  
  156  10:43  Planetary Fortress  
  156  10:45  Cyclone  
  159  11:00  Cyclone  
  148  11:04  Cyclone  
  148  11:09  Cyclone  
  144  11:17  Cyclone  
  144  11:18  Refinery  
  147  11:26  Refinery  
  147  11:28  Command Center  
  143  11:33  Orbital Command, Cyclone  
  143  11:35  Hellion  
  143  11:36  Banshee, Cyclone  
  154  11:41  Cyclone  
  154  11:45  Terran Vehicle And Ship Armor Level 2  
  157  11:48  SCV  
  157  11:49  Cyclone  
  157  11:53  Hellion  
  159  11:57  SCV  
  160  12:02  SCV  
  160  12:05  Cyclone  
  156  12:09  Cyclone  
  156  12:13  SCV, Cyclone  
  160  12:17  SCV  
  160  12:19  Banshee  
  160  12:21  Cyclone, Hellion x2  
  138  12:37  Cyclone  
  138  12:41  Cyclone  
  138  12:42  Hellion x2  
  133  12:46  Cyclone  
  133  12:49  SCV  
  133  12:50  SCV  
  135  12:52  SCV, Command Center  
  135  12:53  Hellion  
  126  13:02  Banshee, SCV  
  130  13:09  Cyclone  
  130  13:12  Orbital Command  
  133  13:13  Cyclone  
  133  13:14  SCV x3, Cyclone  
  133  13:15  SCV, Command Center  
  133  13:16  Hellion x2  
  133  13:18  Cyclone  
  150  13:37  Hellion  
  153  13:41  Cyclone  
  153  13:45  Thor  
  153  13:46  Thor  
  165  13:50  Thor  
  165  13:54  Raven, Armory  
  170  14:01  Hellion x2  
  162  14:13  Thor  
  160  14:17  SCV  
  160  14:23  SCV  
  162  14:25  Hellion x2  
  162  14:27  Thor  
  162  14:29  Thor  
  178  14:33  Thor  
  184  14:47  Raven  
  184  14:50  Supply Depot  
  184  14:51  Supply Depot  
  186  14:56  Thor  
  178  15:13  Hellion  
  178  15:14  Hellion  
  186  15:17  Hellion  
Show
View Real Time Build Order
Export as new Build Order

Serral Zerg - Winner!

Build Orders: Hatch First 

Get SALT Encoding   

  12  0:01  Drone  
  13  0:13  Overlord  
  13  0:17  Drone  
  14  0:32  Drone x2  
  16  0:49  Hatchery  
  15  0:51  Drone  
  15  0:55  Drone  
  17  0:58  Drone  
  18  1:09  Extractor  
  17  1:13  Spawning Pool  
  17  1:17  Drone  
  17  1:20  Drone  
  18  1:29  Drone  
  19  1:40  Drone  
  20  1:58  Overlord  
  20  2:00  Queen x2  
  24  2:01  Zergling x4  
  26  2:13  Drone x2  
  26  2:14  Metabolic Boost  
  28  2:24  Drone x2  
  30  2:35  Overlord  
  30  2:36  Queen  
  32  2:37  Drone  
  33  2:45  Drone x2  
  35  2:58  Drone  
  35  2:59  Drone  
  37  3:06  Drone x2  
  39  3:13  Overlord  
  39  3:14  Zergling x4  
  39  3:16  Queen  
  43  3:21  Hatchery  
  43  3:23  Zergling x2  
  43  3:28  Drone, Overlord  
  43  3:33  Drone  
  45  3:42  Overlord  
  45  3:43  Zergling x6  
  48  3:48  Drone x3  
  48  3:49  Drone, Lair  
  52  3:56  Drone  
  52  3:57  Drone  
  52  4:01  Queen  
  52  4:02  Drone  
  57  4:08  Drone  
  58  4:10  Baneling Nest  
  58  4:14  Drone  
  58  4:20  Spore Crawler  
  58  4:21  Zergling x2  
  58  4:22  Drone x4  
  62  4:30  Spore Crawler  
  62  4:31  Zergling x2  
  62  4:32  Overlord  
  62  4:33  Extractor  
  62  4:35  Queen  
  62  4:37  Drone x4  
  67  4:41  Queen  
  67  4:46  Overseer  
  67  4:48  Drone x2  
  67  4:49  Drone  
  67  4:52  Overlord  
  70  4:54  Baneling x2  
  70  4:56  Baneling  
  70  4:57  Drone x3  
  73  5:01  Spore Crawler  
  73  5:05  Drone x2  
  71  5:10  Drone x3  
  71  5:13  Overlord  
  74  5:14  Drone x2  
  74  5:15  Overseer  
  74  5:21  Zergling x6  
  78  5:27  Drone  
  80  5:31  Drone x4  
  80  5:33  Centrifical Hooks  
  84  5:35  Extractor  
  84  5:36  Extractor  
  84  5:39  Drone x2  
  84  5:45  Baneling, Roach Warren  
  84  5:46  Baneling, Evolution Chamber  
  84  5:47  Drone x4  
  84  5:49  Extractor x2  
  84  5:52  Drone x4  
  84  5:55  Drone x2  
  90  6:01  Spore Crawler  
  89  6:08  Drone  
  89  6:09  Baneling x3  
  89  6:10  Zergling x6  
  93  6:16  Hatchery  
  92  6:24  Drone x3  
  93  6:27  Glial Reconstitution  
  93  6:28  Zerg Missile Weapons Level 1  
  93  6:30  Roach x2  
  93  6:31  Overlord x2  
  97  6:33  Overlord  
  97  6:37  Evolution Chamber  
  97  6:38  Drone  
  96  6:41  Roach  
  96  6:45  Overlord  
  98  6:48  Overlord  
  99  6:54  Roach x3  
  98  7:06  Hatchery  
  98  7:07  Queen  
  95  7:10  Zerg Melee Weapons Level 1  
  95  7:12  Drone x3  
  97  7:16  Drone x2  
  97  7:17  Ravager x6  
  97  7:18  Roach  
  97  7:19  Zergling x10, Roach x2  
  116  7:28  Roach x5  
  120  7:40  Zergling x12  
  117  7:49  Roach  
  117  7:50  Roach x2  
  111  7:52  Queen x3  
  111  7:53  Extractor  
  111  7:58  Ravager x2  
  118  8:00  Drone  
  118  8:01  Drone x3  
  118  8:05  Overlord x4  
  122  8:10  Baneling x12  
  122  8:18  Queen  
  122  8:19  Drone x4  
  128  8:23  Infestation Pit  
  128  8:26  Zergling x4, Roach x3  
  135  8:33  Drone  
  136  8:35  Drone  
  136  8:39  Overlord  
  136  8:40  Zergling x4  
  139  8:42  Ravager  
  139  8:43  Zerg Missile Weapons Level 2  
  139  8:47  Zergling x2, Roach x2  
  145  8:52  Overlord  
  145  8:53  Zergling x2  
  146  8:56  Zergling x2  
  146  9:01  Zergling x4  
  146  9:02  Zergling x2  
  149  9:06  Drone x2  
  149  9:07  Infestor x2  
  149  9:09  Hatchery  
  154  9:11  Zergling x12  
  159  9:21  Hatchery, Zerg Melee Weapons Level 2  
  154  9:25  Overlord  
  154  9:27  Overseer  
  154  9:31  Zergling x6  
  154  9:34  Drone  
  158  9:40  Spine Crawler  
  158  9:41  Drone  
  158  9:42  Spire  
  158  9:45  Hive  
  157  9:51  Baneling  
  157  9:52  Baneling x6, Ravager x2  
  159  9:56  Drone x3, Extractor  
  159  9:57  Overlord  
  161  10:02  Drone x5  
  161  10:04  Drone  
  167  10:08  Drone x2  
  168  10:21  Ravager x3  
  171  10:23  Zergling x2  
  171  10:24  Zergling x18  
  171  10:27  Baneling  
  171  10:28  Baneling x9  
  180  10:41  Spore Crawler  
  180  10:42  Spine Crawler  
  178  10:51  Hatchery  
  177  10:59  Zergling x24  
  179  11:10  Infestor  
  171  11:14  Queen x4  
  171  11:16  Baneling  
  171  11:17  Baneling x8  
  171  11:18  Zerg Missile Weapons Level 3  
  179  11:24  Extractor, Overlord x2  
  179  11:25  Drone x3  
  180  11:26  Drone  
  180  11:28  Baneling x5  
  180  11:29  Greater Spire  
  180  11:30  Drone  
  183  11:38  Zergling x12  
  189  11:55  Queen  
  189  12:01  Extractor  
  188  12:02  Zergling x10, Extractor  
  188  12:03  Zergling x16  
  194  12:08  Zergling x10  
  198  12:21  Zerg Melee Weapons Level 3  
  192  12:26  Zergling x2  
  192  12:27  Zergling x18  
  196  12:34  Zergling x24  
  192  12:44  Roach x3  
  173  12:53  Zergling x6, Roach x2  
  174  13:02  Zerg Flyer Weapons Level 1  
  174  13:03  Corruptor x5  
  184  13:12  Corruptor x3  
  184  13:15  Baneling x12  
  184  13:16  Baneling x9  
  190  13:24  Extractor  
  190  13:25  Spore Crawler  
  190  13:26  Hatchery  
  187  13:27  Extractor  
  184  13:47  Brood Lord x8  
  196  13:51  Drone x3  
  196  13:52  Drone x2  
  200  13:58  Drone  
  200  13:59  Drone x2  
  200  14:00  Drone  
  199  14:06  Drone  
  199  14:14  Overseer  
  198  14:20  Spine Crawler  
  198  14:21  Drone x5, Spine Crawler x2  
  192  14:47  Drone x6  
  192  14:48  Drone x2  
  193  15:19  Spore Crawler  
  193  15:21  Spine Crawler  
  191  15:25  Zergling x30  
Tags
 
Add a new tag
Caveats
  • Supply blocks, unpowered buildings, or Contaminate may cause inaccurate times.
  • Supply counts are checked every 10 seconds.